 Dungeon Crawl Stone Soup version 0.29-a0-459-g97dee8cd24 (webtiles) character file.

Game seed: 4786206475061864777

935 garrulousMonolith the Chopper (level 8, -6/69 HPs)
             Began as a Hill Orc Fighter on May 20, 2022.
             Was a Follower of Beogh.
             Killed from afar by Maggie (25 damage)
             ... with a bolt of fire
             ... on level 6 of the Dungeon.
             The game lasted 00:05:58 (4463 turns).

garrulousMonolith the Chopper (Hill Orc Fighter)    Turns: 4463, Time: 00:05:58

Health: -6/69      AC: 16    Str: 19    XL:     8   Next: 11%
Magic:  11/11      EV:  6    Int: 10    God:    Beogh [*.....]
Gold:   247        SH:  5    Dex: 10    Spells: 7/7 levels left

rFire   . . .      SeeInvis .   B - +2 whip (elec)
rCold   . . .      Faith    .   c - +0 buckler
rNeg    . . .      Spirit   .   u - +0 plate armour
rPois   .          Reflect  .   n - +2 helmet
rElec   .          Harm     .   (no cloak)
rCorr   .          Rampage  .   r - +0 pair of gloves
Will    .....                   (no boots)
Stlth   ..........              (no amulet)
HPRegen 0.21/turn               (no ring)
MPRegen 0.12/turn               (no ring)

@: invisible
A: no striking features
a: Renounce Religion


You were on level 6 of the Dungeon.
You worshipped Beogh.
Beogh was aware of your devotion.
You visited 1 branch of the dungeon, and saw 6 of its levels.

You collected 247 gold pieces.

Inventory:

Hand Weapons
 a - a +0 war axe
 d - a +0 hunting sling
 B - a +2 whip of electrocution (weapon)
 C - a +2 whip of electrocution
Missiles
 j - 11 poisoned darts (quivered)
Armour
 b - a +0 scale mail
 c - a +0 buckler (worn)
 n - a +2 helmet (worn)
 r - a +0 pair of gloves (worn)
 u - a +0 plate armour (worn)
Scrolls
 f - 2 scrolls of magic mapping
 g - a scroll of vulnerability {unknown}
 h - 3 scrolls of teleportation {unknown}
 i - a scroll of enchant armour {unknown}
 k - a scroll of blinking
 l - 2 scrolls of fog
 o - a scroll of amnesia {unknown}
 p - a scroll of enchant weapon {unknown}
 t - a scroll of silence {unknown}
 v - a scroll of summoning {unknown}
 y - a scroll of noise {unknown}
 z - a scroll of poison {unknown}
 A - a scroll of fear {unknown}
Potions
 e - 4 potions of lignification
 m - a potion of flight
 s - a potion of heal wounds {unknown}
 w - a potion of curing
 x - a potion of attraction


   Skills:
 + Level 5.5 Fighting
 * Level 6.8 Axes
 + Level 4.9 Armour
 + Level 2.4 Dodging
 + Level 5.0 Shields
 + Level 4.3 Invocations


You had 7 spell levels left.
You didn't know any spells.
Your spell library contained the following spells:

 Spells                   Type           Power      Damage    Failure   Level
 Slow                     Hex            0%         N/A       100%        1
 Blink                    Tloc           0%         N/A       100%        2
 Poisonous Vapours        Pois/Air       0%         N/A       100%        2
 Confusing Touch          Hex            0%         N/A       100%        3
 Lesser Beckoning         Tloc           0%         N/A       100%        3
 Vampiric Draining        Necr           0%         2d6       100%        3
 Corpse Rot               Necr/Pois/Air  0%         N/A       100%        4
 Manifold Assault         Tloc           0%         N/A       100%        5


Dungeon Overview and Level Annotations

Branches:
Dungeon (6/15)
 Temple: D:4-7

Altars:
Hepliaklqana
Sif Muna
Trog

Annotations:
D:6 Maggie


Message History

The hound barely misses you.
You whack the hound!
The hound is heavily wounded.
You block the hound's attack.
You whack the hound! Lightning courses through the hound!
You kill the hound!
Beogh accepts your kill.
You break out of your daze.
Your Shields skill increases to level 5!
You hit Maggie. Lightning courses through Maggie!!
Maggie is moderately wounded.
You block Maggie's attack.
You closely miss Maggie.
Maggie is moderately wounded.
Maggie casts a spell at you. The bolt of fire hits you!!
You are too injured to fight recklessly!
You are too injured to fight recklessly!
You are too injured to fight recklessly!
You are too injured to fight recklessly!
You are too injured to fight recklessly!
You hit Maggie.
Maggie is heavily wounded.
Maggie hits you with a +1 morningstar of flaming.
Maggie burns you.
You whack Maggie!
Maggie is heavily wounded.
Maggie hits you with a +1 morningstar of flaming.
Maggie burns you.
You hit Maggie but do no damage.
Maggie is heavily wounded.
Maggie hits you with a +1 morningstar of flaming!
* * * LOW HITPOINT WARNING * * *
Maggie burns you.
* * * LOW HITPOINT WARNING * * *
You fade into invisibility!
Maggie gives herself a magical halo, but it quickly sputters out.
Maggie points at you and mumbles some strange words.
The bolt of fire hits you!!
You die...

.>.... .# ......
#.# ...... ...#
.Y.... #...#
....... #....
.#.....##..#..##
## #..
#Y..!.h... ..
... #@##......
#. #.# #@# .....
#. #.# ##.# ####
###.##.####..#
#...<.......##
#..#.......### #
#......##
#......#
########


You could see Maggie (can't see you) and an ice beast (can't see you).

Vanquished Creatures
  Duvessa (D:4)
  An ogre (D:4)
  A phantom (D:4)
  2 scorpions
  Dowan (D:4)
  A howler monkey (D:4)
  3 orc priests (D:4)
  4 hounds
  An iguana (D:6)
  4 orc wizards
  Robin (D:2)
  4 adders
  A shadow imp (D:5)
  4 worms (D:4)
  A dart slug (D:2)
  12 orcs
  3 endoplasms
  4 giant cockroaches (D:2)
  10 goblins
  8 hobgoblins
  3 jackals (D:3)
  4 quokkas
  2 ball pythons
  A bat (D:2)
  5 frilled lizards
  2 kobolds
  9 rats
93 creatures vanquished.

Vanquished Creatures (others)
  An orc priest (D:4)
  2 orc wizards (D:4)
  An orc (D:4)
  A kobold (D:4)
5 creatures vanquished.

Grand Total: 98 creatures vanquished

Notes
Turn   | Place    | Note
-------+----------+-------------------------------------------
     0 | D:1      | garrulousMonolith the Hill Orc Fighter began the quest for
                  | the Orb.
     0 | D:1      | Reached XP level 1. HP: 19/19 MP: 1/1
    69 | D:1      | Found a faded altar of an unknown god.
   351 | D:1      | Reached skill level 3 in Axes
   351 | D:1      | Reached XP level 2. HP: 24/27 MP: 2/2
   890 | D:2      | Noticed Robin
   899 | D:2      | Killed Robin
   900 | D:2      | Reached skill level 1 in Invocations
   900 | D:2      | Reached XP level 3. HP: 31/33 MP: 3/3
  1271 | D:2      | Found a hazy altar of Hepliaklqana.
  1781 | D:3      | Reached XP level 4. HP: 40/40 MP: 5/5
  2004 | D:4      | Became a worshipper of Beogh the Brigand
  2021 | D:4      | Reached skill level 4 in Axes
  2154 | D:4      | Reached skill level 1 in Dodging
  2154 | D:4      | Reached XP level 5. HP: 34/46 MP: 6/6
  2346 | D:4      | Noticed a phantom
  2360 | D:4      | Killed a phantom
  2361 | D:4      | Reached XP level 6. HP: 45/53 MP: 6/8
  2446 | D:4      | Reached skill level 5 in Axes
  2517 | D:4      | Noticed a moth of wrath
  2646 | D:4      | Noticed Dowan
  2646 | D:4      | Noticed Duvessa
  2654 | D:4      | Killed Dowan
  2658 | D:4      | HP: 2/48 [Duvessa/+1 short sword of draining (4)]
  2666 | D:4      | Killed Duvessa
  2667 | D:4      | Reached XP level 7. HP: 3/57 MP: 9/9
  3010 | D:4      | Reached skill level 5 in Fighting
  3200 | D:4      | Reached * piety under Beogh
  3537 | D:4      | Reached skill level 6 in Axes
  3693 | D:4      | Found a shimmering blue altar of Sif Muna.
  3910 | D:4      | Found a bloodstained altar of Trog.
  3961 | D:5      | Entered Level 5 of the Dungeon
  4423 | D:6      | Reached XP level 8. HP: 69/69 MP: 11/11
  4435 | D:6      | Noticed Maggie
  4458 | D:6      | Reached skill level 5 in Shields
  4463 | D:6      | Killed from afar by Maggie

Illustrated notes

Levels and vault maps discovered:
D:1:      minmay_arrival_doors, layout_basic,
          hellmonk_ecumenical_altar_leap_of_faith
D:2:      layout_basic, basic_altar, minivault_19, uniq_robin
D:3:      layout_rooms
D:4:      layout_basic, nicolae_sif_muna_little_library, tgw_trog, uniq_duvessa
D:5:      layout_rooms
D:6:      layout_rooms, nicolae_overflow_hidden_temple,
          minmay_temple_entry_drinking_statues, uniq_maggie

Skill      XL: |  1  2  3  4  5  6  7  8 |
---------------+-------------------------+-----
Axes           | 3 4 5 6 |  6.8
Invocations    | 1 2 3 4 |  4.3
Fighting       | 4 5 |  5.5
Dodging        | 1 2 |  2.4
Shields        | 4 5 |  5.0
Armour         | 4 |  4.9

Action                   |  1- 3 |  4- 6 |  7- 9 || total
-------------------------+-------+-------+-------++-------
Melee: War axe           |    90 |    78 |    91 ||   259
       Whip              |       |       |    28 ||    28
Throw: Dart              |       |     2 |       ||     2
Invok: Convert to Beogh  |       |     1 |       ||     1
  Use: Scroll            |     3 |     1 |     5 ||     9
       Potion            |       |     2 |     2 ||     4
Armor: Scale mail        |    47 |    11 |       ||    58
       Plate armour      |       |    52 |    70 ||   122
Dodge: Dodged            |    39 |    24 |    15 ||    78
Block: Buckler           |    12 |    24 |    18 ||    54

Table legend: (Time is in decaauts)
 A = Elapsed time spent in this place.
 B = Non-inter-level travel time spent in this place.
 C = Inter-level travel time spent in this place.
 D = Time resting spent in this place.
 E = Time spent auto-exploring this place.
 F = Levels seen in this place.
 G = Mean time per level.
                   A        B        C        D        E       F      G
               +--------+--------+--------+--------+--------+-----+--------+
         Total |   4540 |   4439 |    101 |    752 |   2935 |   6 |  756.7 |
       Dungeon |   4540 |   4439 |    101 |    752 |   2935 |   6 |  756.7 |
               +--------+--------+--------+--------+--------+-----+--------+

Top non-repeatable levels by time:
     D:4: 1989 daAuts
     D:1: 853 daAuts
     D:2: 736 daAuts
     D:5: 469 daAuts
     D:3: 451 daAuts
     D:6: 41 daAuts
